 Dungeon Crawl Stone Soup version 0.29.1-2-gbd0b4ee654 (webtiles) character file.

Game seed: 453127732866901610

189 quakins the Ruffian (level 5, 0/46 HPs)
             Began as a Troll Transmuter on Oct 23, 2022.
             Slain by a kobold
             ... wielding a +0 whip
              (4 damage)
             ... on level 4 of the Dungeon.
             The game lasted 00:03:07 (1854 turns).

quakins the Ruffian (Troll Transmuter)              Turns: 1854, Time: 00:03:08

Health: 0/46       AC:  4    Str: 20    XL:     5   Next: 40%
Magic:  5/5        EV:  9    Int:  9    God:
Gold:   128        SH:  0    Dex: 10    Spells: 5/6 levels left

rFire   . . .      SeeInvis .     - Unarmed
rCold   . . .      Faith    .   (no shield)
rNeg    . . .      Spirit   .   a - +0 robe
rPois   .          Reflect  .   (helmet restricted)
rElec   .          Harm     .   (no cloak)
rCorr   .          Rampage  .   (gloves unavailable)
Will    .....                   (boots unavailable)
Stlth   +.........              (no amulet)
HPRegen 0.95/turn               (no ring)
MPRegen 0.09/turn               (no ring)

@: no status effects
A: large, unfitting armour, claws 3, regeneration 1, shaggy fur 1, tough skin 1
a: no special abilities


You were on level 4 of the Dungeon.
You visited 1 branch of the dungeon, and saw 4 of its levels.

You collected 128 gold pieces.

Inventory:

Armour
 a - a +0 robe (worn)
Jewellery
 p - an amulet of guardian spirit
Scrolls
 c - 3 scrolls of teleportation {unknown}
 e - 3 scrolls of enchant armour {unknown}
 f - 2 scrolls of poison {unknown}
 g - a scroll of fog {unknown}
 j - 4 scrolls of magic mapping {unknown}
 k - a scroll of enchant weapon {unknown}
 n - 3 scrolls of identify {unknown}
Potions
 b - a potion of lignification
 d - a potion of attraction {unknown}
 h - a potion of berserk rage {unknown}
 i - a potion of heal wounds {unknown}
 l - 2 potions of flight {unknown}
 m - 2 potions of mutation {unknown}
 o - a potion of haste {unknown}


   Skills:
 - Level 0.7 Fighting
 - Level 1.5 Dodging
 + Level 6.2 Unarmed Combat
 - Level 1.2 Spellcasting
 - Level 1.3 Transmutations


You had 5 spell levels left.
You knew the following spells:

 Your Spells              Type           Power      Damage    Failure   Level
a - Beastly Appendage     Tmut           6%         N/A       21%         1

Your spell library contained the following spells:

 Spells                   Type           Power      Damage    Failure   Level
 Wereblood                Tmut           3%         N/A       30%         2
 Spider Form              Tmut/Pois      1%         N/A       63%         3
 Dazzling Flash           Conj/Hex       0%         N/A       73%         3
 Ice Form                 Ice/Tmut       1%         N/A       95%         4
 Agony                    Necr           0%         N/A       100%        5
 Silence                  Hex/Air        0%         N/A       100%        5


Dungeon Overview and Level Annotations

Branches:
Dungeon (4/15)
 Temple: D:4-7

Altars:
Elyvilon

Shops:
D:2 (

Annotations:
D:3 1 runed translucent door, LustLizard's ghost, novice HuGl


Innate Abilities, Weirdness & Mutations

You are too large for most types of armour.
You have claws for hands.
Your natural rate of healing is unusually fast.
You are covered in fur. (AC +1)
You have tough skin. (AC +1)


Message History

The orc closely misses you.
The orc hits you from afar with a +0 trident.
Your Unarmed Combat skill increases to level 6!
You scratch the orc but do no damage. The orc closely misses you.
The orc hits you with a +0 club.
The orc hits you from afar with a +0 trident.
You barely miss the orc. The orc barely misses you. x2
The orc hits you but does no damage. The endoplasm closely misses you.
You scratch the orc but do no damage. The orc completely misses you.
The orc closely misses you. x2; The endoplasm barely misses you.
You claw the orc!
You kill the orc!
The orc completely misses you. The orc hits you with a +0 club.
The endoplasm misses you.
You claw the orc!
You kill the orc!
The kobold hits you with a +0 whip. The endoplasm closely misses you.
The orc closely misses you.
You barely miss the kobold.
The orc hits you from afar with a +0 trident.
The kobold hits you but does no damage. The endoplasm freezes you.
You are frozen.
* * * LOW HITPOINT WARNING * * *
You barely miss the kobold. You claw the kobold.
The kobold is heavily wounded.
The kobold hits you with a +0 whip.
* * * LOW HITPOINT WARNING * * *
The orc hits you from afar with a +0 trident.
* * * LOW HITPOINT WARNING * * *
The endoplasm freezes you.
You are frozen.
* * * LOW HITPOINT WARNING * * *
You completely miss the kobold.
The kobold is heavily wounded.
Sorry, you're not good enough to have a special ability.
You completely miss the kobold.
The kobold is heavily wounded.
The kobold hits you with a +0 whip.
You die...

≈.#.#####
≈.......##
≈....>...##
≈.........#
≈.........# #
≈.........# ...
≈......<..#....
...............
.......@.#.....
#.....)KJ# ....
.........o. ...
.(......$......
...............
...............
..........$....
.........##....


You could see an orc, an endoplasm and a kobold.

Vanquished Creatures
  An orc priest (D:4)
  Terence (D:2)
  7 adders
  A worm (D:3)
  2 dart slugs (D:2)
  2 orcs (D:4)
  3 ball pythons
  4 endoplasms
  2 giant cockroaches (D:1)
  4 goblins
  7 hobgoblins
  5 jackals (D:1)
  3 quokkas
  2 bats
  6 frilled lizards
  10 kobolds
  5 rats
65 creatures vanquished.

Notes
Turn   | Place    | Note
-------+----------+-------------------------------------------
     0 | D:1      | quakins the Troll Transmuter began the quest for the Orb.
     0 | D:1      | Reached XP level 1. HP: 18/18 MP: 1/1
   154 | D:1      | Reached XP level 2. HP: 25/26 MP: 2/2
   272 | D:1      | Reached skill level 4 in Unarmed Combat
   391 | D:1      | Reached XP level 3. HP: 30/32 MP: 3/3
   459 | D:1      | Found a faded altar of an unknown god.
   529 | D:1      | You fall into a shaft and drop 1 floor!
   529 | D:2      | Found Soefo's Weapon Shoppe.
   685 | D:2      | Identified the +10 dagger "Ustijut" {holy, Dex+2 Stlth+}
   727 | D:2      | Reached XP level 4. HP: 40/40 MP: 4/4
   728 | D:2      | Reached skill level 5 in Unarmed Combat
   812 | D:2      | Found a white marble altar of Elyvilon.
  1065 | D:2      | Noticed Terence
  1376 | D:2      | Killed Terence
  1487 | D:3      | Reached XP level 5. HP: 46/46 MP: 5/5
  1499 | D:3      | Found a runed translucent door.
  1506 | D:3      | Noticed LustLizard's ghost (novice HuGl)
  1803 | D:3      | Noticed an ogre
  1846 | D:4      | Reached skill level 6 in Unarmed Combat
  1852 | D:4      | HP: 2/46 [frozen (2)]
  1854 | D:4      | Slain by a kobold

Illustrated notes

Levels and vault maps discovered:
D:1:      dpeg_arrival_tiny_e, layout_loops_cross,
          shapermc_ecumenical_altar_ellora
D:2:      layout_loops_ring, serial_shops, nicolae_shop_advertising_works
          [nicolae_subvault_shop_adworks], basic_altar, uniq_terence
D:3:      layout_basic, ebering_ghost_sewer_d, moated_statue,
          grunt_decor_one_mirror
D:4:      layout_rooms, minmay_temple_entry_nine_rooms,
          gammafunk_ghost_gnarly_gnolls, minmay_misc_feat_room, uniq_duvessa,
          uniq_pikel

Skill      XL: |  1  2  3  4  5 |
---------------+----------------+-----
Unarmed Combat | 4 5 6 |  6.2
Fighting       | |  0.7
Dodging        | |  1.5
Spellcasting   | |  1.2
Transmutations | |  1.3

Action                   |  1- 3 |  4- 6 || total
-------------------------+-------+-------++-------
Melee: Unarmed           |    81 |    81 ||   162
       Punch             |     1 |     4 ||     5
Armor: Robe              |    38 |    17 ||    55
Dodge: Dodged            |    35 |    39 ||    74
